TOP OF THE 1ST |
Columbus Reds batting - Pitching for Canton Indians : LHP Mario Roman
|
Pitching: LHP Mario Roman
|
|
Batting: RHB John Hopkins
|
0-0: Ball 1-0: Ball 2-0: Called Strike 2-1: Foul Ball, location: 2F 2-2: Ball 3-2: Strikes out looking
|
Batting: RHB Alex Nagera
|
0-0: Called Strike 0-1: Foul Ball, location: 2F 0-2: Foul Ball, location: 2F 0-2: Foul Ball, location: 2F 0-2: Ball 1-2: Ball 2-2: Foul Ball, location: 2F 2-2: Strikes out swinging
|
Batting: LHB Jamie Spangenberg
|
0-0: Ball 1-0: Foul Ball, location: 2F 1-1: Foul Ball, location: 2F 1-2: Foul Ball, location: 2F 1-2: Foul Ball, location: 2F 1-2: Foul Ball, location: 2F 1-2: Foul Ball, location: 2F 1-2: Ball 2-2: DOUBLE (Flyball, 9LD, EV 92.5 MPH)
|
Batting: LHB Mike Becerra
|
0-0: Ball 1-0: Foul Ball, location: 2F 1-1: Ball 2-1: Called Strike 2-2: Ball 3-2: Base on Balls
|
Batting: RHB Ruben Cantu
|
0-0: Called Strike 0-1: Foul Ball, location: 2F 0-2: Strikes out swinging
|
Top of the 1st over - 0 runs, 1 hit, 0 errors, 2 left on base; Columbus 0 - Canton 0 |
BOTTOM OF THE 1ST |
Canton Indians batting - Pitching for Columbus Reds : RHP Ivan Alday
|
Pitching: RHP Ivan Alday
|
|
Batting: RHB Cruz Castro
|
0-0: Called Strike 0-1: Foul Ball, location: 2F 0-2: Ball 1-2: Foul Ball, location: 2F 1-2: Ground out 6-3 (Groundball, 56, EV 101.9 MPH)
|
Batting: LHB Jason Kessler
|
0-0: Ball 1-0: Called Strike 1-1: Ball 2-1: Foul Ball, location: 2F 2-2: Strikes out looking
|
Batting: RHB Rob Marti
|
0-0: Called Strike 0-1: Foul Ball, location: 2F 0-2: Strikes out swinging
|
Bottom of the 1st over - 0 runs, 0 hits, 0 errors, 0 left on base; Columbus 0 - Canton 0 |
TOP OF THE 2ND |
Columbus Reds batting - Pitching for Canton Indians : LHP Mario Roman
|
Batting: SHB Sal Esparza
|
0-0: Ball 1-0: Ball 2-0: Foul Ball, location: 2F 2-1: Foul Ball, location: 2F 2-2: Strikes out swinging
|
Batting: RHB Emanuel Estrada
|
0-0: Ball 1-0: SOLO HOME RUN (Flyball, 7D, EV 107.5 MPH), Distance : 410 ft
|
Batting: RHB Jimmy Geddes
|
0-0: Called Strike 0-1: Foul Ball, location: 2F 0-2: Ball 1-2: Strikes out swinging
|
Batting: RHB Cornholdo Schwerin
|
0-0: Ball 1-0: Ball 2-0: Called Strike 2-1: Ball 3-1: Called Strike 3-2: Base on Balls
|
Batting: RHB John Hopkins
|
0-0: Ball Cornholdo Schwerin is caught stealing 2nd base 2-4
|
Top of the 2nd over - 1 run, 1 hit, 0 errors, 0 left on base; Columbus 1 - Canton 0 |
BOTTOM OF THE 2ND |
Canton Indians batting - Pitching for Columbus Reds : RHP Ivan Alday
|
Batting: SHB Bob Ledlow
|
0-0: Swinging Strike 0-1: Ball 1-1: Swinging Strike 1-2: Ball 2-2: Foul Ball, location: 2F 2-2: Foul Ball, location: 2F 2-2: Foul Ball, location: 2F 2-2: Ball 3-2: Base on Balls
|
Batting: LHB Mike Humfleet
|
0-0: Ball 1-0: Ball 2-0: Foul Ball, location: 2F 2-1: Ball 3-1: Foul Ball, location: 2F 3-2: Foul Ball, location: 2F 3-2: Strikes out looking
|
Batting: SHB Ryan Donohoe
|
0-0: Ball 1-0: Fly out, F7 (Flyball, 7, EV 87.5 MPH)
|
Batting: RHB Josh Carini
|
0-0: Called Strike 0-1: Swinging Strike 0-2: Ball 1-2: SINGLE (Popup, 5D, EV 56.9 MPH) Bob Ledlow to second
|
Batting: RHB Ryan Paquette
|
0-0: Fly out, F7 (Flyball, 78D, EV 94.4 MPH)
|
Bottom of the 2nd over - 0 runs, 1 hit, 0 errors, 2 left on base; Columbus 1 - Canton 0 |
TOP OF THE 3RD |
Columbus Reds batting - Pitching for Canton Indians : LHP Mario Roman
|
Batting: RHB John Hopkins
|
0-0: Ball 1-0: Ball 2-0: Ball 3-0: Called Strike 3-1: Bunt missed! 3-2: Fly out, F8 (Line Drive, 8RD, EV 103.8 MPH)
|
Batting: RHB Alex Nagera
|
0-0: Ball 1-0: Ball 2-0: Fly out, F8 (Line Drive, 8LD, EV 96.2 MPH)
|
Batting: LHB Jamie Spangenberg
|
0-0: Swinging Strike 0-1: Fly out, F8 (Flyball, 89S, EV 87.5 MPH)
|
Top of the 3rd over - 0 runs, 0 hits, 0 errors, 0 left on base; Columbus 1 - Canton 0 |
BOTTOM OF THE 3RD |
Canton Indians batting - Pitching for Columbus Reds : RHP Ivan Alday
|
Batting: SHB Jose Abreu
|
0-0: Called Strike 0-1: Foul Ball, location: 2F 0-2: Foul Ball, location: 2F 0-2: Ball 1-2: Ball 2-2: SINGLE (Groundball, 34S, EV 63.8 MPH) (infield hit)
|
Batting: RHB Cruz Castro
|
0-0: Called Strike 0-1: Called Strike 0-2: Fielders Choice at 2nd, 3-6 (Groundball, 3S, EV 84.4 MPH)
|
Batting: LHB Jason Kessler
|
0-0: Ball Cruz Castro steals 2nd base 1-0: Fly out, F8 (Line Drive, 8LD, EV 91.9 MPH)
|
Batting: RHB Rob Marti
|
0-0: Ball 1-0: Ball 2-0: Ground out 6-3 (Groundball, 6, EV 102.5 MPH)
|
Bottom of the 3rd over - 0 runs, 1 hit, 0 errors, 1 left on base; Columbus 1 - Canton 0 |
TOP OF THE 4TH |
Columbus Reds batting - Pitching for Canton Indians : LHP Mario Roman
|
Batting: LHB Mike Becerra
|
0-0: Ball 1-0: Called Strike 1-1: Called Strike 1-2: Fly out, F8 (Line Drive, 8LD, EV 86.2 MPH)
|
Batting: RHB Ruben Cantu
|
0-0: Ball 1-0: Called Strike 1-1: Foul Ball, location: 2F 1-2: Foul Ball, location: 2F 1-2: Strikes out swinging
|
Batting: SHB Sal Esparza
|
0-0: Called Strike 0-1: Foul Ball, location: 2F 0-2: Ball 1-2: Strikes out swinging
|
Top of the 4th over - 0 runs, 0 hits, 0 errors, 0 left on base; Columbus 1 - Canton 0 |
BOTTOM OF THE 4TH |
Canton Indians batting - Pitching for Columbus Reds : RHP Ivan Alday
|
Batting: SHB Bob Ledlow
|
0-0: Called Strike 0-1: Ball 1-1: Called Strike 1-2: Foul Ball, location: 2F 1-2: Ball 2-2: Ball 3-2: Fly out, F9 (Flyball, 89M, EV 90.0 MPH)
|
Batting: LHB Mike Humfleet
|
0-0: Foul Ball, location: 2F 0-1: Ball 1-1: SINGLE (Groundball, 34D, EV 98.1 MPH)
|
Batting: SHB Ryan Donohoe
|
0-0: Called Strike 0-1: Ball 1-1: Foul Ball, location: 2F 1-2: Foul Ball, location: 2F 1-2: Strikes out looking
|
Batting: RHB Josh Carini
|
0-0: Called Strike 0-1: Ball 1-1: Ball 2-1: Ball 3-1: Base on Balls Mike Humfleet to second
|
Batting: RHB Ryan Paquette
|
0-0: Ground out 5-3 (Groundball, 56S, EV 62.5 MPH)
|
Bottom of the 4th over - 0 runs, 1 hit, 0 errors, 2 left on base; Columbus 1 - Canton 0 |
TOP OF THE 5TH |
Columbus Reds batting - Pitching for Canton Indians : LHP Mario Roman
|
Batting: RHB Emanuel Estrada
|
0-0: Ball 1-0: Called Strike 1-1: Called Strike 1-2: Ground out 5-3 (Groundball, 56, EV 85.0 MPH)
|
Batting: RHB Jimmy Geddes
|
0-0: Ball 1-0: Ball 2-0: Fly out, F9 (Flyball, 9, EV 79.4 MPH)
|
Batting: RHB Cornholdo Schwerin
|
0-0: Called Strike 0-1: Called Strike 0-2: Strikes out looking
|
Top of the 5th over - 0 runs, 0 hits, 0 errors, 0 left on base; Columbus 1 - Canton 0 |
BOTTOM OF THE 5TH |
Canton Indians batting - Pitching for Columbus Reds : RHP Ivan Alday
|
Batting: SHB Jose Abreu
|
0-0: Called Strike 0-1: Swinging Strike 0-2: Strikes out swinging
|
Batting: RHB Cruz Castro
|
0-0: Ground out 6-3 (Groundball, 6, EV 101.9 MPH)
|
Batting: LHB Jason Kessler
|
0-0: Ball 1-0: Ball 2-0: Fly out, F8 (Line Drive, 8RD, EV 90.0 MPH)
|
Bottom of the 5th over - 0 runs, 0 hits, 0 errors, 0 left on base; Columbus 1 - Canton 0 |
TOP OF THE 6TH |
Columbus Reds batting - Pitching for Canton Indians : LHP Mario Roman
|
Batting: RHB John Hopkins
|
0-0: Called Strike 0-1: Ball 1-1: Foul Ball, location: 2F 1-2: Ground out 3-1 (Groundball, 34, EV 86.2 MPH)
|
Batting: RHB Alex Nagera
|
0-0: Called Strike 0-1: Called Strike 0-2: Foul Ball, location: 2F 0-2: Ground out 4-3 (Groundball, 4, EV 93.1 MPH)
|
Batting: LHB Jamie Spangenberg
|
0-0: SINGLE (Groundball, P, EV 88.8 MPH) (infield hit)
|
Batting: LHB Mike Becerra
|
0-0: Foul Ball, location: 2F 0-1: Ball 1-1: Ball 2-1: Foul Ball, location: 2F 2-2: SINGLE (Groundball, 4MS, EV 67.5 MPH) (infield hit) Jamie Spangenberg to second
|
Batting: RHB Ruben Cantu
|
0-0: Called Strike 0-1: Foul Ball, location: 2F 0-2: Ball 1-2: SINGLE (Line Drive, 9S, EV 98.1 MPH) Jamie Spangenberg to third Mike Becerra to second
|
Batting: SHB Sal Esparza
|
0-0: Called Strike 0-1: Ball 1-1: Swinging Strike 1-2: Ball 2-2: Ball 3-2: Base on Balls Jamie Spangenberg scores Mike Becerra to third Ruben Cantu to second
|
Pitching: RHP Kris Kringle
|
|
Batting: RHB Emanuel Estrada
|
0-0: Swinging Strike 0-1: Foul Ball, location: 2F 0-2: Ball 1-2: Strikes out swinging
|
Top of the 6th over - 1 run, 3 hits, 0 errors, 3 left on base; Columbus 2 - Canton 0 |
BOTTOM OF THE 6TH |
Canton Indians batting - Pitching for Columbus Reds : RHP Ivan Alday
|
Batting: RHB Rob Marti
|
0-0: Foul Ball, location: 2F 0-1: Fly out, F9 (Flyball, 89M, EV 81.9 MPH)
|
Batting: SHB Bob Ledlow
|
0-0: SINGLE (Line Drive, 89S, EV 100.0 MPH)
|
Batting: LHB Mike Humfleet
|
0-0: Fly out, F8 (Flyball, 8LD, EV 100.0 MPH)
|
Batting: SHB Ryan Donohoe
|
0-0: DOUBLE (Flyball, 8RXD, EV 98.1 MPH) Bob Ledlow to third
|
Batting: RHB Josh Carini
|
0-0: Ball 1-0: Called Strike 1-1: Swinging Strike 1-2: Ball Wild Pitch! Bob Ledlow scores Ryan Donohoe to third 2-2: SINGLE (Groundball, 6MD, EV 106.9 MPH) Ryan Donohoe scores
|
Batting: RHB Ryan Paquette
|
0-0: Ball 1-0: Foul Ball, location: 2F 1-1: Called Strike Josh Carini steals 2nd base Balk! Josh Carini to third 1-2: Ball 2-2: Reached on error, E5 (Groundball, 56S, EV 76.9 MPH) Josh Carini scores
|
Batting: SHB Jose Abreu
|
0-0: Swinging Strike 0-1: Foul Ball, location: 2F 0-2: Strikes out swinging, 2-3 out at first.
|
Bottom of the 6th over - 3 runs, 3 hits, 1 error, 1 left on base; Columbus 2 - Canton 3 |
TOP OF THE 7TH |
Columbus Reds batting - Pitching for Canton Indians : RHP Kris Kringle
|
Now in LF: Aubrey Regimbald
|
|
Now in RF: Tom Auld
|
|
Pinch Hitting: RHB Ed Santibanez
|
0-0: Called Strike 0-1: Ball 1-1: Called Strike 1-2: Ball 2-2: SINGLE (Line Drive, 4MD, EV 95.0 MPH)
|
Pinch Hitting: LHB Armando Arellano
|
0-0: Swinging Strike 0-1: Ball 1-1: Foul Ball, location: 2F 1-2: Ball 2-2: Ball 3-2: Foul Ball, location: 2F 3-2: Ground out 4-3 (Groundball, 34, EV 86.9 MPH) Ed Santibanez to second
|
Batting: RHB John Hopkins
|
0-0: Called Strike 0-1: Foul Ball, location: 2F 0-2: Ball 1-2: Strikes out swinging
|
Batting: RHB Alex Nagera
|
0-0: Called Strike 0-1: Called Strike 0-2: Ball 1-2: Strikes out swinging
|
Top of the 7th over - 0 runs, 1 hit, 0 errors, 1 left on base; Columbus 2 - Canton 3 |
BOTTOM OF THE 7TH |
Canton Indians batting - Pitching for Columbus Reds : RHP Ivan Alday
|
Now at 1B: Clint Hanninen
|
|
Now in LF: Ed Santibanez
|
|
Now in CF: Emanuel Estrada
|
|
Batting: RHB Cruz Castro
|
0-0: Called Strike 0-1: Ground out 4-3 (Groundball, 4MD, EV 100.6 MPH)
|
Batting: LHB Jason Kessler
|
0-0: Ball 1-0: Swinging Strike 1-1: Fly out, F7 (Flyball, 7LD, EV 101.9 MPH)
|
Batting: RHB Rob Marti
|
0-0: Ball 1-0: Foul Ball, location: 2F 1-1: Swinging Strike 1-2: Ball 2-2: Strikes out looking
|
Bottom of the 7th over - 0 runs, 0 hits, 0 errors, 0 left on base; Columbus 2 - Canton 3 |
TOP OF THE 8TH |
Columbus Reds batting - Pitching for Canton Indians : RHP Kris Kringle
|
Batting: LHB Jamie Spangenberg
|
0-0: Ball 1-0: Ball 2-0: Ball 3-0: Called Strike 3-1: DOUBLE (Line Drive, 8RXD, EV 101.9 MPH)
|
Pitching: LHP Sam Johnson
|
|
Batting: LHB Mike Becerra
|
0-0: Ball 1-0: Ball 2-0: Ball 3-0: Base on Balls
|
Batting: RHB Ruben Cantu
|
0-0: Ball 1-0: Foul Ball, location: 2F 1-1: Foul Ball, location: 2F 1-2: Strikes out swinging
|
Batting: SHB Sal Esparza
|
0-0: Called Strike 0-1: DOUBLE (Line Drive, 7LD, EV 103.1 MPH) Jamie Spangenberg scores Mike Becerra to third
|
Batting: RHB Emanuel Estrada
|
0-0: Ball 1-0: Foul Ball, location: 2F 1-1: Ball 2-1: Ground out 5-3 (Groundball, 56, EV 98.1 MPH)
|
Batting: RHB Ed Santibanez
|
0-0: SINGLE (Groundball, 6D, EV 98.1 MPH) Mike Becerra scores Sal Esparza to third Runner from 3rd tries for Home, SAFE, throw by CF to home
|
Batting: LHB Clint Hanninen
|
0-0: SINGLE (Line Drive, 9S, EV 100.6 MPH) Ed Santibanez to second Runner from 2nd tries for 3rd, OUT! 9-5
|
Top of the 8th over - 3 runs, 4 hits, 0 errors, 1 left on base; Columbus 5 - Canton 3 |
BOTTOM OF THE 8TH |
Canton Indians batting - Pitching for Columbus Reds : RHP Ivan Alday
|
Pitching: RHP Finlay Clamp
|
|
Now at 1B: Rodrigo Samano
|
|
Now at 2B: Clint Hanninen
|
|
Batting: SHB Bob Ledlow
|
0-0: Called Strike 0-1: Ground out 6-3 (Groundball, 6, EV 83.1 MPH)
|
Pinch Hitting: SHB Brad Larabel
|
0-0: Called Strike 0-1: SINGLE (Groundball, 34S, EV 98.8 MPH)
|
Pinch Hitting: LHB Dorian Oram
|
0-0: Ball 1-0: Foul Ball, location: 2F 1-1: Ball 2-1: Swinging Strike 2-2: Fly out, F4 (Line Drive, 4M, EV 75.6 MPH)
|
Batting: RHB Josh Carini
|
0-0: Called Strike 0-1: Ball 1-1: Called Strike 1-2: Strikes out swinging
|
Bottom of the 8th over - 0 runs, 1 hit, 0 errors, 1 left on base; Columbus 5 - Canton 3 |
TOP OF THE 9TH |
Columbus Reds batting - Pitching for Canton Indians : LHP Sam Johnson
|
Pitching: RHP Ryan Perkins
|
|
Now in LF: Pat Brandt
|
|
Now in RF: Jahangir Baloch
|
|
Batting: RHB John Hopkins
|
0-0: Ball 1-0: Called Strike 1-1: Called Strike 1-2: Strikes out swinging
|
Batting: RHB Alex Nagera
|
0-0: Ground out U3 (Groundball, 3L, EV 92.5 MPH)
|
Batting: LHB Jamie Spangenberg
|
0-0: Swinging Strike 0-1: Ball 1-1: Ball 2-1: Ball 3-1: Fly out, F9 (Flyball, 9D, EV 93.1 MPH)
|
Top of the 9th over - 0 runs, 0 hits, 0 errors, 0 left on base; Columbus 5 - Canton 3 |
BOTTOM OF THE 9TH |
Canton Indians batting - Pitching for Columbus Reds : RHP Finlay Clamp
|
Pitching: RHP Eudaldo Cuyco
|
|
Batting: RHB Ryan Paquette
|
0-0: Ground out 6-3 (Groundball, 6, EV 83.8 MPH)
|
Batting: SHB Jose Abreu
|
0-0: Foul Ball, location: 2F 0-1: Swinging Strike 0-2: Ball 1-2: Ball 2-2: Strikes out swinging
|
Pinch Hitting: RHB Jose Rodriguez
|
0-0: Ball 1-0: Foul Ball, location: 2F 1-1: Fly out, F3 (Popup, 3S, EV 71.9 MPH)
|
Bottom of the 9th over - 0 runs, 0 hits, 0 errors, 0 left on base; Columbus 5 - Canton 3 |
|